 Dungeon Crawl Stone Soup version 0.22.1-1-ga44c0e56f4 (webtiles) character file.

144 SaintSock the Shield-Bearer (level 5, -3/47 HPs)
             Began as a Minotaur Fighter on Nov 2, 2018.
             Slain by an orc
             ... wielding a +0 trident
              (4 damage)
             ... on level 3 of the Dungeon.
             The game lasted 00:04:10 (1908 turns).

SaintSock the Shield-Bearer (Minotaur Fighter)      Turns: 1908, Time: 00:04:12

Health: -3/47      AC:  8    Str: 21    XL:     5   Next: 5%
Magic:  4/4        EV:  8    Int:  5    God:
Gold:   132        SH:  9    Dex: 10    Spells: 4/4 levels left

rFire    . . .     SeeInvis .   a - +0 war axe
rCold    + . .     Gourm    .   c - +0 shield
rNeg     . . .     Faith    .   b - +0 scale mail
rPois    +         Spirit   .   (helmet restricted)
rElec    .         Reflect  .   l - +0 cloak
rCorr    .         Harm     .   (no gloves)
MR       .....                  (no boots)
Stlth    ..........             (no amulet)
HPRegen  0.15/turn              m - ring of protection from cold
MPRegen  0.09/turn              q - ring of poison resistance

@: lethally poisoned (-3 -> -5)
A: retaliatory headbutt, horns 2
a: no special abilities


You were on level 3 of the Dungeon.
You were not hungry.

You visited 1 branch of the dungeon, and saw 3 of its levels.

You collected 132 gold pieces.

Inventory:

Hand Weapons
 a - a +0 war axe (weapon)
Armour
 b - a +0 scale mail (worn)
 c - a +0 shield (worn)
 l - a +0 cloak (worn)
Jewellery
 m - a ring of protection from cold (left hand)
 q - a ring of poison resistance (right hand)
Scrolls
 e - 2 scrolls of magic mapping {unknown}
 h - a scroll of identify {unknown}
 j - a scroll of remove curse {unknown}
 p - a scroll of teleportation {unknown}
 r - a scroll of noise {unknown}
 u - a scroll of random uselessness {unknown}
 v - a scroll of fog {unknown}
Potions
 d - 2 potions of might
 g - a potion of agility {unknown}
 i - 2 potions of mutation {unknown}
 k - 2 potions of lignification {unknown}
 n - a potion of heal wounds {unknown}
 o - a potion of ambrosia {unknown}
 s - a potion of curing {unknown}
 t - a potion of haste {unknown}
Comestibles
 f - 3 rations


   Skills:
 + Level 4.5 Fighting
 * Level 4.0 Axes
 + Level 4.3 Armour
 - Level 0.9 Dodging
 * Level 4.7 Shields


You had 4 spell levels left.
You didn't know any spells.
Your spell library was empty.

Dungeon Overview and Level Annotations

Branches:
Dungeon (3/15)

Altars:
Dithmenos
Fedhas
Kikubaaqudgha
Ru
Xom


Innate Abilities, Weirdness & Mutations

You reflexively headbutt those who attack you in melee.
You have a pair of horns on your head.


Message History

You block the adder's attack.
You hit the worm.
The worm is lightly wounded.
You closely miss the jackal. You slash the jackal!
You kill the jackal!
You miss the adder. The jackal barely misses you. You furiously retaliate!
You headbutt the jackal.
The orc hits you from afar with a trident.
* * * LOW HITPOINT WARNING * * *
The adder closely misses you. You furiously retaliate!
You headbutt the adder, but do no damage.
The jackal closely misses you. The worm bites you but does no damage.
You hit the worm but do no damage. You headbutt the worm.
The worm is lightly wounded.
You closely miss the jackal. You hit the adder.
* * * LOW HITPOINT WARNING * * *
You feel sick. The adder bites you but does no damage. The jackal bites you.
* * * LOW HITPOINT WARNING * * *
The orc hits you from afar with a trident.
You die...

#.#<#.[..........###
#.#.##...............
#....#............#..#
#....#..†..#.......#.#
#....#...............$
#...#†.)†.....?......
#....................
#..<...#......#......
#............@h......
##.#.........Sw......
#..#.......###.o.....
#..#...#...# .......
...###.#...# .......
..$.. ....... #......
#..... ..#. .$....
....#.


You could see a worm, an adder, an orc and a jackal.

Vanquished Creatures
  Jessica (D:2)
  Terence (D:2)
  2 adders (D:2)
  2 worms
  2 dart slugs
  5 leopard geckos
  4 orcs (D:3)
  6 bats
  4 giant cockroaches
  4 goblins
  5 hobgoblins
  3 jackals (D:3)
  A quokka (D:2)
  6 frilled lizards
  6 kobolds
  5 rats
57 creatures vanquished.

Notes
Turn   | Place    | Note
-------+----------+-------------------------------------------
     0 | D:1      | SaintSock the Minotaur Fighter began the quest for the Orb.
     0 | D:1      | Reached XP level 1. HP: 19/19 MP: 0/0
   158 | D:1      | Reached XP level 2. HP: 27/27 MP: 1/1
   866 | D:2      | Noticed Jessica
   871 | D:2      | Killed Jessica
   871 | D:2      | Reached XP level 3. HP: 17/33 MP: 2/2
  1225 | D:2      | Found a faded altar of an unknown god.
  1270 | D:2      | Reached XP level 4. HP: 40/40 MP: 3/3
  1363 | D:2      | Noticed Terence
  1378 | D:2      | Killed Terence
  1588 | D:2      | Found a shadowy altar of Dithmenos.
  1588 | D:2      | Found a faded altar of an unknown god.
  1593 | D:2      | Found an ancient bone altar of Kikubaaqudgha.
  1595 | D:2      | Found a blossoming altar of Fedhas.
  1597 | D:2      | Found a sacrificial altar of Ru.
  1834 | D:2      | Found a shimmering altar of Xom.
  1893 | D:3      | Reached XP level 5. HP: 39/47 MP: 4/4
  1907 | D:3      | HP: 2/47 [orc/trident (3)]
  1908 | D:3      | Slain by an orc

Skill      XL: |  1  2  3  4  5 |
---------------+----------------+-----
Fighting       | 4 |  4.5
Axes           | 3 4 |  4.0
Armour         | 4 |  4.3
Shields        | 4 |  4.7
Dodging        | |  0.9

Action                   |  1- 3 |  4- 6 || total
-------------------------+-------+-------++-------
Melee: War axe           |    64 |    65 ||   129
       Headbutt          |     6 |     4 ||    10
  Eat: Chunk             |     1 |     2 ||     3
Armor: Scale mail        |    30 |    42 ||    72
Dodge: Dodged            |    41 |    51 ||    92
Block: Shield            |     1 |    17 ||    18
